3044 views
Uploaded 2019-12-29 23:53:53
Game version 1.32.0.4
35:41 long 4on4 ladder game on (8)MarketSquare
Saved by BEARAND
3044 views
Uploaded 2019-12-29 23:53:53
Game version 1.32.0.4
35:41 long 4on4 ladder game on (8)MarketSquare


130 units @ 17.4k
/ 2.7k
315 buildings @ 19.8k
/ 11.2k



x1)
| Mechanical Critter | 1 | 50 |
| Scroll of Regeneration | 1 | 100 |
| Staff of Sanctuary | 3 | 750 |
| Staff of Teleportation | 3 | 450 |
| Boots of Speed | 5 | 1250 |
| Potion of Invisibility | 1 | 100 |
| Periapt of Vitality | 5 | 1625 |
| Tome of Retraining | 1 | 300 |
| Orb of Lightning | 2 | 750 |
| total: | 22 | 5375g |
| Peasant | 25 | 1875 | / | 0 |
| Priest | 3 | 405 | / | 30 |
| Dragonhawk Rider | 6 | 1200 | / | 180 |
| total: | 34 | 3480g | / | 210w |
| Scout Tower | 111 | 3330 | / | 2220 |
| Arcane Tower | 5 | 350 | / | 250 |
| Guard Tower | 24 | 1680 | / | 1200 |
| Altar of Kings | 1 | 180 | / | 50 |
| Farm | 5 | 400 | / | 100 |
| Lumber Mill | 1 | 120 | / | 0 |
| Town Hall | 1 | 385 | / | 205 |
| Arcane Vault | 4 | 520 | / | 120 |
| Barracks | 1 | 160 | / | 60 |
| Blacksmith | 1 | 140 | / | 60 |
| Arcane Sanctum | 1 | 150 | / | 140 |
| Gryphon Aviary | 1 | 140 | / | 150 |
| Keep | 1 | 320 | / | 210 |
| Castle | 1 | 360 | / | 210 |
| total: | 127 | 5525g | / | 3105w |
| 0:03 | Peasant |
| 0:03 | Peasant |
| 0:07 | Altar of Kings |
| 0:17 | Farm |
| 0:20 | Peasant |
| 0:21 | Peasant |
| 0:30 | Peasant |
| 0:59 | Scout Tower |
| 1:05 | Peasant |
| 1:09 | Lumber Mill |
| 1:12 | Farm |
| 1:22 | Peasant |
| 1:31 | Arcane Tower |
| 1:49 | Scout Tower |
| 1:51 | Peasant |
| 1:51 | Peasant |
| 1:51 | Peasant |
| 1:52 | Peasant |
| 2:08 | Summon Water Elemental |
| 2:11 | Peasant |
| 2:13 | Scout Tower |
| 2:18 | Peasant |
| 2:20 | Guard Tower |
| 2:39 | Peasant |
| 2:39 | Peasant |
| 2:49 | Guard Tower |
| 2:50 | Scout Tower |
| 2:52 | Scout Tower |
| 3:23 | Improved Masonry |
| 4:45 | Brilliance Aura |
| 4:49 | Guard Tower |
| 4:50 | Scout Tower |
| 4:50 | Scout Tower |
| 4:51 | Keep |
| 4:54 | Farm |
| 4:55 | Farm |
| 5:37 | Scout Tower |
| 5:38 | Scout Tower |
| 5:38 | Scout Tower |
| 5:47 | Guard Tower |
| 5:48 | Scout Tower |
| 5:49 | Scout Tower |
| 5:49 | Scout Tower |
| 6:52 | Summon Water Elemental |
| 7:01 | Town Hall |
| 7:06 | Arcane Vault |
| 7:12 | Scout Tower |
| 7:12 | Scout Tower |
| 7:13 | Scout Tower |
| 7:13 | Scout Tower |
| 7:14 | Scout Tower |
| 7:14 | Scout Tower |
| 7:15 | Scout Tower |
| 7:15 | Scout Tower |
| 7:17 | Scout Tower |
| 7:22 | Castle |
| 7:24 | Arcane Sanctum |
| 7:27 | Guard Tower |
| 7:48 | Mechanical Critter |
| 7:50 | Scroll of Regeneration |
| 7:57 | Guard Tower |
| 8:02 | Improved Lumber Harvesting |
| 8:12 | Arcane Tower |
| 8:22 | Storm Bolt |
| 8:41 | Staff of Teleportation |
| 8:41 | Boots of Speed |
| 8:50 | Boots of Speed |
| 9:21 | Magic Sentry |
| 9:34 | Guard Tower |
| 9:38 | Scout Tower |
| 9:38 | Scout Tower |
| 9:47 | Staff of Teleportation |
| 9:47 | Boots of Speed |
| 10:19 | Guard Tower |
| 10:22 | Arcane Tower |
| 10:29 | Peasant |
| 10:29 | Peasant |
| 10:44 | Guard Tower |
| 10:51 | Advanced Lumber Harvesting |
| 11:10 | Holy Light |
| 11:15 | Arcane Vault |
| 11:16 | Arcane Vault |
| 11:22 | Arcane Vault |
| 11:24 | Scout Tower |
| 11:25 | Scout Tower |
| 11:27 | Advanced Masonry |
| 11:28 | Peasant |
| 11:28 | Peasant |
| 11:30 | Staff of Teleportation |
| 11:30 | Boots of Speed |
| 11:34 | Potion of Invisibility |
| 12:00 | Scout Tower |
| 12:00 | Scout Tower |
| 12:01 | Scout Tower |
| 12:01 | Scout Tower |
| 12:03 | Peasant |
| 12:03 | Peasant |
| 12:14 | Guard Tower |
| 12:17 | Priest |
| 12:18 | Priest Adept Training |
| 12:25 | Staff of Sanctuary |
| 12:40 | Guard Tower |
| 13:03 | Staff of Sanctuary |
| 13:14 | Staff of Sanctuary |
| 13:32 | Barracks |
| 13:33 | Blacksmith |
| 13:35 | Gryphon Aviary |
| 13:38 | Farm |
| 13:43 | Scout Tower |
| 13:44 | Scout Tower |
| 13:44 | Scout Tower |
| 13:45 | Scout Tower |
| 13:47 | Guard Tower |
| 13:49 | Scout Tower |
| 13:50 | Scout Tower |
| 13:51 | Scout Tower |
| 13:51 | Scout Tower |
| 13:52 | Scout Tower |
| 13:52 | Scout Tower |
| 13:53 | Scout Tower |
| 13:53 | Scout Tower |
| 14:02 | Bash |
| 14:25 | Scout Tower |
| 14:26 | Scout Tower |
| 14:26 | Scout Tower |
| 14:29 | Guard Tower |
| 14:49 | Guard Tower |
| 14:55 | Guard Tower |
| 15:02 | Scout Tower |
| 15:03 | Scout Tower |
| 15:23 | Boots of Speed |
| 15:23 | Periapt of Vitality |
| 16:00 | Brilliance Aura |
| 16:03 | Guard Tower |
| 16:05 | Scout Tower |
| 16:06 | Scout Tower |
| 16:07 | Scout Tower |
| 16:07 | Scout Tower |
| 16:08 | Scout Tower |
| 16:09 | Scout Tower |
| 16:09 | Scout Tower |
| 16:10 | Scout Tower |
| 16:10 | Scout Tower |
| 16:10 | Scout Tower |
| 16:44 | Guard Tower |
| 16:46 | Peasant |
| 16:46 | Peasant |
| 16:47 | Peasant |
| 16:47 | Peasant |
| 16:49 | Guard Tower |
| 17:10 | Scout Tower |
| 17:11 | Scout Tower |
| 17:12 | Scout Tower |
| 17:13 | Scout Tower |
| 17:14 | Guard Tower |
| 17:45 | Storm Bolt |
| 17:51 | Guard Tower |
| 17:53 | Scout Tower |
| 17:53 | Scout Tower |
| 17:54 | Scout Tower |
| 17:55 | Scout Tower |
| 17:56 | Scout Tower |
| 17:56 | Scout Tower |
| 17:56 | Scout Tower |
| 17:57 | Scout Tower |
| 17:58 | Scout Tower |
| 17:59 | Scout Tower |
| 17:59 | Scout Tower |
| 17:59 | Scout Tower |
| 18:00 | Scout Tower |
| 18:34 | Divine Shield |
| 19:15 | Guard Tower |
| 19:17 | Scout Tower |
| 19:18 | Scout Tower |
| 19:18 | Scout Tower |
| 19:32 | Scout Tower |
| 19:32 | Scout Tower |
| 19:33 | Scout Tower |
| 19:34 | Scout Tower |
| 19:34 | Scout Tower |
| 19:41 | Orb of Lightning |
| 19:46 | Guard Tower |
| 19:52 | Imbued Masonry |
| 20:02 | Periapt of Vitality |
| 20:23 | Tome of Retraining |
| 20:23 | Retrain Hero |
| 20:27 | Blizzard |
| 20:27 | Blizzard |
| 20:28 | Brilliance Aura |
| 20:28 | Brilliance Aura |
| 20:43 | Scout Tower |
| 20:43 | Scout Tower |
| 20:44 | Scout Tower |
| 20:44 | Scout Tower |
| 20:45 | Scout Tower |
| 20:46 | Scout Tower |
| 20:47 | Scout Tower |
| 20:47 | Scout Tower |
| 20:48 | Scout Tower |
| 20:49 | Scout Tower |
| 20:50 | Scout Tower |
| 20:55 | Arcane Tower |
| 21:09 | Studded Leather Armor |
| 21:10 | Cloud |
| 21:12 | Animal War Training |
| 22:05 | Guard Tower |
| 22:13 | Arcane Tower |
| 22:42 | Priest |
| 22:42 | Priest Master Training |
| 22:49 | Scout Tower |
| 22:49 | Scout Tower |
| 22:50 | Scout Tower |
| 22:50 | Scout Tower |
| 23:08 | Holy Light |
| 23:54 | Guard Tower |
| 24:16 | Periapt of Vitality |
| 25:07 | Blizzard |
| 25:31 | Bash |
| 26:12 | Scout Tower |
| 26:12 | Scout Tower |
| 26:13 | Scout Tower |
| 26:13 | Scout Tower |
| 26:14 | Scout Tower |
| 26:14 | Scout Tower |
| 26:15 | Scout Tower |
| 26:15 | Scout Tower |
| 26:16 | Scout Tower |
| 26:16 | Scout Tower |
| 26:17 | Scout Tower |
| 26:17 | Scout Tower |
| 26:18 | Scout Tower |
| 26:18 | Scout Tower |
| 26:20 | Devotion Aura |
| 26:52 | Reinforced Leather Armor |
| 27:11 | Periapt of Vitality |
| 28:34 | Priest |
| 29:30 | Orb of Lightning |
| 29:39 | Periapt of Vitality |
| 29:51 | Dragonhide Armor |
| 29:55 | Dragonhawk Rider |
| 29:56 | Dragonhawk Rider |
| 29:56 | Dragonhawk Rider |
| 29:56 | Dragonhawk Rider |
| 30:33 | Storm Bolt |
| 31:40 | Brilliance Aura |
| 33:05 | Dragonhawk Rider |
| 33:05 | Dragonhawk Rider |
| 33:42 | Avatar |
| 34:18 | Holy Light |
| Right click | 2675 |
| Select group | 2077 |
| Select | 406 |
| Build/train/purchase | 206 |
| Use ability | 151 |
| Misc. action | 125 |
| Assign group | 13 |
| Minimap ping | 9 |
| Esc | 8 |
| Item give/drop | 2 |
BEARAND
(35:39) : 


x1)
| Staff of Sanctuary | 3 | 750 |
| Lesser Clarity Potion | 1 | 70 |
| Potion of Mana | 1 | 200 |
| Boots of Speed | 3 | 750 |
| Staff of Teleportation | 4 | 600 |
| Periapt of Vitality | 1 | 325 |
| Tome of Retraining | 1 | 300 |
| Orb of Lightning | 2 | 750 |
| total: | 16 | 3745g |
| Peasant | 19 | 1425 | / | 0 |
| Priest | 1 | 135 | / | 10 |
| Dragonhawk Rider | 5 | 1000 | / | 150 |
| total: | 25 | 2560g | / | 160w |
| Scout Tower | 80 | 2400 | / | 1600 |
| Arcane Tower | 2 | 140 | / | 100 |
| Guard Tower | 31 | 2170 | / | 1550 |
| Altar of Kings | 1 | 180 | / | 50 |
| Farm | 5 | 400 | / | 100 |
| Lumber Mill | 1 | 120 | / | 0 |
| Town Hall | 1 | 385 | / | 205 |
| Arcane Vault | 2 | 260 | / | 60 |
| Blacksmith | 1 | 140 | / | 60 |
| Barracks | 1 | 160 | / | 60 |
| Arcane Sanctum | 1 | 150 | / | 140 |
| Gryphon Aviary | 1 | 140 | / | 150 |
| Keep | 1 | 320 | / | 210 |
| Castle | 1 | 360 | / | 210 |
| total: | 94 | 4335g | / | 2425w |
| 0:01 | Peasant |
| 0:01 | Peasant |
| 0:06 | Altar of Kings |
| 0:17 | Farm |
| 0:27 | Peasant |
| 0:53 | Farm |
| 0:54 | Peasant |
| 1:12 | Scout Tower |
| 1:15 | Scout Tower |
| 1:18 | Lumber Mill |
| 1:23 | Peasant |
| 1:23 | Peasant |
| 1:40 | Arcane Tower |
| 1:52 | Peasant |
| 2:09 | Summon Water Elemental |
| 2:13 | Peasant |
| 2:13 | Peasant |
| 2:14 | Peasant |
| 2:20 | Guard Tower |
| 2:40 | Scout Tower |
| 2:42 | Scout Tower |
| 2:43 | Peasant |
| 2:43 | Peasant |
| 2:44 | Improved Masonry |
| 3:21 | Guard Tower |
| 3:22 | Scout Tower |
| 3:22 | Guard Tower |
| 3:24 | Scout Tower |
| 4:38 | Guard Tower |
| 4:39 | Scout Tower |
| 4:40 | Scout Tower |
| 4:41 | Guard Tower |
| 4:41 | Keep |
| 4:43 | Farm |
| 4:44 | Farm |
| 4:51 | Brilliance Aura |
| 5:06 | Guard Tower |
| 5:08 | Scout Tower |
| 5:09 | Scout Tower |
| 5:09 | Scout Tower |
| 5:12 | Scout Tower |
| 5:12 | Scout Tower |
| 5:12 | Scout Tower |
| 5:13 | Scout Tower |
| 5:13 | Scout Tower |
| 6:04 | Guard Tower |
| 6:06 | Guard Tower |
| 6:41 | Scout Tower |
| 6:41 | Scout Tower |
| 6:42 | Scout Tower |
| 6:42 | Scout Tower |
| 6:58 | Guard Tower |
| 7:04 | Town Hall |
| 7:26 | Arcane Tower |
| 7:27 | Guard Tower |
| 7:27 | Guard Tower |
| 7:32 | Peasant |
| 7:32 | Peasant |
| 7:32 | Peasant |
| 7:33 | Peasant |
| 7:34 | Improved Lumber Harvesting |
| 8:01 | Boots of Speed |
| 8:01 | Staff of Teleportation |
| 8:15 | Scout Tower |
| 8:16 | Scout Tower |
| 8:16 | Scout Tower |
| 8:16 | Guard Tower |
| 8:24 | Storm Bolt |
| 8:43 | Staff of Teleportation |
| 9:10 | Guard Tower |
| 9:13 | Advanced Masonry |
| 9:16 | Summon Water Elemental |
| 9:36 | Guard Tower |
| 9:37 | Scout Tower |
| 9:38 | Scout Tower |
| 9:39 | Peasant |
| 9:39 | Peasant |
| 9:53 | Castle |
| 10:03 | Guard Tower |
| 10:09 | Farm |
| 10:11 | Arcane Sanctum |
| 10:48 | Guard Tower |
| 10:49 | Scout Tower |
| 10:49 | Scout Tower |
| 10:50 | Scout Tower |
| 10:50 | Scout Tower |
| 10:51 | Scout Tower |
| 10:52 | Scout Tower |
| 10:52 | Scout Tower |
| 10:52 | Scout Tower |
| 10:53 | Peasant |
| 10:59 | Scout Tower |
| 10:59 | Scout Tower |
| 11:00 | Scout Tower |
| 11:01 | Scout Tower |
| 11:01 | Scout Tower |
| 11:19 | Guard Tower |
| 11:24 | Magic Sentry |
| 11:24 | Priest |
| 11:25 | Priest Adept Training |
| 11:44 | Guard Tower |
| 12:19 | Bash |
| 12:31 | Arcane Vault |
| 12:32 | Arcane Vault |
| 12:43 | Guard Tower |
| 12:45 | Guard Tower |
| 12:48 | Scout Tower |
| 12:48 | Scout Tower |
| 12:49 | Scout Tower |
| 12:49 | Scout Tower |
| 12:50 | Scout Tower |
| 12:50 | Scout Tower |
| 13:03 | Imbued Masonry |
| 13:03 | Advanced Lumber Harvesting |
| 13:21 | Boots of Speed |
| 13:21 | Staff of Teleportation |
| 13:25 | Holy Light |
| 13:41 | Staff of Sanctuary |
| 14:35 | Guard Tower |
| 14:36 | Scout Tower |
| 14:36 | Scout Tower |
| 14:37 | Scout Tower |
| 14:37 | Scout Tower |
| 14:38 | Scout Tower |
| 14:39 | Scout Tower |
| 14:39 | Scout Tower |
| 14:40 | Scout Tower |
| 14:49 | Scout Tower |
| 14:49 | Scout Tower |
| 14:50 | Scout Tower |
| 14:50 | Scout Tower |
| 14:50 | Scout Tower |
| 15:06 | Staff of Teleportation |
| 15:06 | Boots of Speed |
| 15:06 | Periapt of Vitality |
| 15:25 | Staff of Sanctuary |
| 15:27 | Orb of Lightning |
| 15:44 | Staff of Sanctuary |
| 16:09 | Bash |
| 16:24 | Divine Shield |
| 17:09 | Brilliance Aura |
| 17:14 | Guard Tower |
| 17:15 | Scout Tower |
| 17:16 | Scout Tower |
| 17:16 | Scout Tower |
| 17:17 | Scout Tower |
| 17:17 | Scout Tower |
| 17:42 | Tome of Retraining |
| 17:42 | Retrain Hero |
| 18:08 | Blizzard |
| 18:08 | Brilliance Aura |
| 18:08 | Blizzard |
| 18:08 | Brilliance Aura |
| 19:27 | Guard Tower |
| 19:36 | Lesser Clarity Potion |
| 19:37 | Potion of Mana |
| 19:40 | Orb of Lightning |
| 19:44 | Guard Tower |
| 19:46 | Gryphon Aviary |
| 19:48 | Blacksmith |
| 22:23 | Storm Bolt |
| 23:23 | Holy Light |
| 25:31 | Divine Shield |
| 28:54 | Studded Leather Armor |
| 28:56 | Barracks |
| 29:24 | Dragonhawk Rider |
| 29:25 | Dragonhawk Rider |
| 29:25 | Dragonhawk Rider |
| 29:31 | Scout Tower |
| 29:32 | Scout Tower |
| 29:32 | Scout Tower |
| 29:33 | Scout Tower |
| 29:33 | Scout Tower |
| 29:36 | Scout Tower |
| 29:37 | Scout Tower |
| 29:37 | Scout Tower |
| 29:38 | Scout Tower |
| 29:38 | Scout Tower |
| 29:41 | Scout Tower |
| 29:42 | Scout Tower |
| 29:43 | Scout Tower |
| 29:43 | Scout Tower |
| 29:44 | Scout Tower |
| 29:44 | Scout Tower |
| 29:45 | Scout Tower |
| 29:45 | Scout Tower |
| 30:25 | Reinforced Leather Armor |
| 30:47 | Brilliance Aura |
| 30:54 | Guard Tower |
| 31:16 | Storm Bolt |
| 31:26 | Guard Tower |
| 31:49 | Guard Tower |
| 32:16 | Guard Tower |
| 32:17 | Guard Tower |
| 32:25 | Dragonhawk Rider |
| 32:25 | Cloud |
| 32:27 | Guard Tower |
| 34:12 | Holy Light |
| 34:48 | Guard Tower |
| 35:15 | Dragonhawk Rider |
| Right click | 3870 |
| Select | 772 |
| Select group | 627 |
| Build/train/purchase | 196 |
| Use ability | 140 |
| Chat | 115 |
| Assign group | 49 |
| Minimap ping | 28 |
| Resource trade | 15 |
| Misc. action | 11 |
| Item give/drop | 2 |


| Peasant | 7 | 525 | / | 0 |
| Gryphon Rider | 19 | 5320 | / | 1330 |
| Priest | 2 | 270 | / | 20 |
| total: | 28 | 6115g | / | 1350w |
| Scout Tower | 20 | 600 | / | 400 |
| Guard Tower | 18 | 1260 | / | 900 |
| Lumber Mill | 1 | 120 | / | 0 |
| Farm | 9 | 720 | / | 180 |
| Altar of Kings | 1 | 180 | / | 50 |
| Barracks | 2 | 320 | / | 120 |
| Blacksmith | 1 | 140 | / | 60 |
| Gryphon Aviary | 1 | 140 | / | 150 |
| Arcane Sanctum | 1 | 150 | / | 140 |
| Keep | 1 | 320 | / | 210 |
| Castle | 1 | 360 | / | 210 |
| total: | 36 | 2370g | / | 1100w |
| 0:09 | Lumber Mill |
| 0:21 | Peasant |
| 0:21 | Peasant |
| 0:21 | Peasant |
| 0:22 | Peasant |
| 0:56 | Farm |
| 1:11 | Scout Tower |
| 1:14 | Scout Tower |
| 1:47 | Scout Tower |
| 1:51 | Altar of Kings |
| 2:02 | Guard Tower |
| 2:15 | Guard Tower |
| 2:20 | Scout Tower |
| 2:48 | Guard Tower |
| 2:53 | Scout Tower |
| 3:01 | Barracks |
| 3:09 | Farm |
| 3:20 | Guard Tower |
| 3:23 | Scout Tower |
| 3:31 | Peasant |
| 3:31 | Peasant |
| 3:31 | Peasant |
| 3:47 | Farm |
| 3:55 | Scout Tower |
| 3:56 | Guard Tower |
| 4:03 | Blizzard |
| 4:30 | Guard Tower |
| 5:17 | Scout Tower |
| 5:34 | Keep |
| 5:48 | Guard Tower |
| 5:54 | Scout Tower |
| 6:25 | Blacksmith |
| 6:42 | Scout Tower |
| 6:43 | Guard Tower |
| 7:18 | Summon Water Elemental |
| 7:54 | Scout Tower |
| 7:56 | Guard Tower |
| 8:18 | Barracks |
| 8:29 | Scout Tower |
| 8:30 | Guard Tower |
| 8:46 | Iron Forged Swords |
| 8:46 | Studded Leather Armor |
| 8:51 | Gryphon Aviary |
| 9:05 | Guard Tower |
| 9:07 | Scout Tower |
| 9:15 | Storm Bolt |
| 9:44 | Scout Tower |
| 9:47 | Scout Tower |
| 9:49 | Guard Tower |
| 10:18 | Guard Tower |
| 10:20 | Scout Tower |
| 10:56 | Scout Tower |
| 10:57 | Guard Tower |
| 11:01 | Castle |
| 11:09 | Scout Tower |
| 11:11 | Guard Tower |
| 11:36 | Guard Tower |
| 11:38 | Scout Tower |
| 12:06 | Guard Tower |
| 12:08 | Guard Tower |
| 12:34 | Scout Tower |
| 12:35 | Farm |
| 12:55 | Steel Forged Swords |
| 12:59 | Improved Lumber Harvesting |
| 13:16 | Farm |
| 13:42 | Storm Hammers |
| 13:59 | Farm |
| 14:02 | Advanced Lumber Harvesting |
| 14:44 | Arcane Sanctum |
| 14:47 | Gryphon Rider |
| 14:47 | Gryphon Rider |
| 15:17 | Gryphon Rider |
| 15:47 | Blizzard |
| 17:26 | Animal War Training |
| 17:31 | Mithril Forged Swords |
| 18:13 | Thunder Clap |
| 19:15 | Reinforced Leather Armor |
| 19:33 | Gryphon Rider |
| 20:17 | Gryphon Rider |
| 20:40 | Gryphon Rider |
| 21:53 | Gryphon Rider |
| 22:42 | Gryphon Rider |
| 22:43 | Gryphon Rider |
| 22:43 | Gryphon Rider |
| 22:46 | Dragonhide Armor |
| 26:21 | Gryphon Rider |
| 26:21 | Gryphon Rider |
| 26:22 | Gryphon Rider |
| 26:22 | Gryphon Rider |
| 26:33 | Storm Bolt |
| 26:49 | Summon Water Elemental |
| 28:06 | Farm |
| 28:57 | Farm |
| 29:29 | Magic Sentry |
| 29:31 | Priest |
| 29:31 | Priest |
| 29:53 | Farm |
| 33:30 | Gryphon Rider |
| 33:30 | Gryphon Rider |
| 33:31 | Gryphon Rider |
| 33:31 | Gryphon Rider |
| 33:31 | Gryphon Rider |
| Right click | 785 |
| Select | 410 |
| Select group | 348 |
| Build/train/purchase | 74 |
| Use ability | 32 |
| Assign group | 20 |
| Misc. action | 3 |
| Remove unit | 2 |
IcebergSlim
(35:37) : 

| Orb of Lightning | 2 | 750 |
| Boots of Speed | 2 | 500 |
| Staff of Teleportation | 2 | 300 |
| total: | 6 | 1550g |
| Peon | 19 | 1425 | / | 0 |
| Troll Batrider | 24 | 3840 | / | 960 |
| total: | 43 | 5265g | / | 960w |
| Watch Tower | 40 | 4400 | / | 3200 |
| Altar of Storms | 2 | 360 | / | 100 |
| Orc Burrow | 4 | 640 | / | 160 |
| War Mill | 1 | 205 | / | 0 |
| Voodoo Lounge | 5 | 650 | / | 150 |
| Great Hall | 2 | 770 | / | 370 |
| Beastiary | 4 | 580 | / | 560 |
| Stronghold | 1 | 315 | / | 190 |
| Fortress | 1 | 325 | / | 190 |
| total: | 58 | 7605g | / | 4540w |
| 0:02 | Peon |
| 0:02 | Peon |
| 0:06 | Altar of Storms |
| 0:19 | Orc Burrow |
| 0:24 | Peon |
| 0:40 | War Mill |
| 0:46 | Peon |
| 0:58 | Peon |
| 1:09 | Voodoo Lounge |
| 1:16 | Peon |
| 1:25 | Peon |
| 1:35 | Peon |
| 1:53 | Watch Tower |
| 2:05 | Orc Burrow |
| 2:11 | Wind Walk |
| 2:24 | Peon |
| 2:27 | Watch Tower |
| 2:51 | Peon |
| 2:51 | Peon |
| 2:54 | Watch Tower |
| 3:15 | Peon |
| 3:16 | Peon |
| 3:18 | Watch Tower |
| 3:55 | Watch Tower |
| 3:58 | Stronghold |
| 4:45 | Critical Strike |
| 4:56 | Watch Tower |
| 4:58 | Watch Tower |
| 5:49 | Watch Tower |
| 6:03 | Watch Tower |
| 6:08 | Watch Tower |
| 6:25 | Orc Burrow |
| 6:28 | Orc Burrow |
| 7:03 | Beastiary |
| 7:06 | Beastiary |
| 7:10 | Watch Tower |
| 7:20 | Hex |
| 7:29 | Watch Tower |
| 7:31 | Reinforced Defenses |
| 7:31 | Spiked Barricades |
| 7:51 | Peon |
| 7:52 | Peon |
| 8:05 | Boots of Speed |
| 8:13 | Watch Tower |
| 8:36 | Great Hall |
| 8:38 | Watch Tower |
| 8:40 | Watch Tower |
| 9:04 | Wind Walk |
| 9:17 | Watch Tower |
| 9:52 | Watch Tower |
| 9:53 | Watch Tower |
| 10:05 | Boots of Speed |
| 10:15 | Watch Tower |
| 10:17 | Watch Tower |
| 10:26 | Watch Tower |
| 10:30 | Watch Tower |
| 10:59 | Watch Tower |
| 11:01 | Watch Tower |
| 11:08 | Peon |
| 11:08 | Peon |
| 11:09 | Peon |
| 11:09 | Peon |
| 11:20 | Voodoo Lounge |
| 11:24 | Voodoo Lounge |
| 11:24 | Voodoo Lounge |
| 11:49 | Fortress |
| 12:04 | Watch Tower |
| 12:10 | Watch Tower |
| 12:38 | Healing Wave |
| 12:51 | Watch Tower |
| 12:54 | Watch Tower |
| 13:09 | Watch Tower |
| 13:13 | Watch Tower |
| 13:21 | Staff of Teleportation |
| 13:34 | Troll Batrider |
| 13:39 | Troll Batrider |
| 14:07 | Troll Batrider |
| 14:12 | Watch Tower |
| 14:32 | Watch Tower |
| 14:49 | Orb of Lightning |
| 15:00 | Voodoo Lounge |
| 15:06 | Liquid Fire |
| 15:08 | Troll Batrider |
| 16:03 | Watch Tower |
| 16:06 | Watch Tower |
| 16:18 | Staff of Teleportation |
| 16:52 | Troll Batrider |
| 17:25 | Critical Strike |
| 17:47 | Watch Tower |
| 17:48 | Watch Tower |
| 18:53 | Wind Walk |
| 19:14 | Troll Batrider |
| 19:14 | Troll Batrider |
| 19:21 | Watch Tower |
| 19:23 | Watch Tower |
| 19:47 | Steel Ranged Weapons |
| 19:47 | Steel Armor |
| 19:47 | Improved Spiked Barricades |
| 19:50 | Orb of Lightning |
| 20:45 | Watch Tower |
| 20:47 | Watch Tower |
| 20:50 | Thorium Ranged Weapons |
| 20:52 | Troll Batrider |
| 20:56 | Troll Batrider |
| 22:34 | Healing Wave |
| 22:37 | Troll Batrider |
| 23:53 | Altar of Storms |
| 24:19 | Troll Batrider |
| 24:20 | Troll Batrider |
| 24:20 | Troll Batrider |
| 25:54 | Troll Batrider |
| 26:11 | Bladestorm |
| 28:51 | Troll Batrider |
| 28:51 | Troll Batrider |
| 28:52 | Troll Batrider |
| 28:53 | Troll Batrider |
| 29:03 | Troll Batrider |
| 29:08 | Arcanite Ranged Weapons |
| 29:08 | Thorium Armor |
| 30:36 | Beastiary |
| 30:38 | Beastiary |
| 31:50 | Troll Batrider |
| 31:50 | Troll Batrider |
| 33:34 | Great Hall |
| 34:12 | Critical Strike |
| 34:13 | Hex |
| 34:17 | Troll Batrider |
| 34:17 | Troll Batrider |
| 34:18 | Troll Batrider |
| 35:32 | Healing Wave |
| Right click | 3226 |
| Select | 602 |
| Select group | 356 |
| Use ability | 198 |
| Build/train/purchase | 144 |
| Misc. action | 66 |
| Assign group | 13 |
| Chat | 13 |
| Resource trade | 9 |
| Item give/drop | 4 |
| Minimap ping | 1 |
304 units @ 48.4k
/ 7.9k
74 buildings @ 13k
/ 5.9k

| Staff of Preservation | 1 | 150 |
| Orb of Venom | 1 | 325 |
| Scroll of Healing | 1 | 250 |
| Boots of Speed | 1 | 250 |
| total: | 4 | 975g |
| Wisp | 20 | 1200 | / | 0 |
| Archer | 50 | 6500 | / | 500 |
| Huntress | 2 | 390 | / | 40 |
| Druid of the Talon | 11 | 1595 | / | 220 |
| Hippogryph | 15 | 2400 | / | 300 |
| total: | 98 | 12085g | / | 1060w |
| Altar of Elders | 1 | 180 | / | 50 |
| Moon Well | 9 | 1620 | / | 360 |
| Ancient of War | 1 | 150 | / | 60 |
| Hunter's Hall | 2 | 420 | / | 200 |
| Ancient of Wonders | 1 | 90 | / | 30 |
| Tree of Life | 1 | 340 | / | 185 |
| Ancient of Wind | 2 | 300 | / | 280 |
| Ancient of Lore | 2 | 310 | / | 290 |
| Tree of Ages | 1 | 320 | / | 180 |
| Tree of Eternity | 1 | 330 | / | 200 |
| total: | 19 | 3410g | / | 1455w |
| 0:04 | Altar of Elders |
| 0:05 | Wisp |
| 0:09 | Wisp |
| 0:11 | Moon Well |
| 0:24 | Wisp |
| 0:38 | Ancient of War |
| 1:05 | Wisp |
| 1:20 | Wisp |
| 1:24 | Moon Well |
| 1:36 | Wisp |
| 1:41 | Archer |
| 1:57 | Wisp |
| 2:04 | Archer |
| 2:12 | Fan of Knives |
| 2:18 | Archer |
| 2:36 | Archer |
| 3:00 | Tree of Ages |
| 3:19 | Moon Well |
| 3:45 | Hunter's Hall |
| 3:49 | Archer |
| 4:09 | Blink |
| 4:31 | Moon Well |
| 4:36 | Ancient of Wonders |
| 4:51 | Huntress |
| 4:52 | Huntress |
| 5:18 | Boots of Speed |
| 5:39 | Improved Bows |
| 5:43 | Archer |
| 5:49 | Ultravision |
| 5:50 | Strength of the Moon |
| 5:57 | Fan of Knives |
| 6:11 | Wisp |
| 6:11 | Wisp |
| 6:18 | Staff of Preservation |
| 6:27 | Archer |
| 6:41 | Archer |
| 6:46 | Ancient of Wind |
| 7:29 | Archer |
| 7:36 | Archer |
| 7:40 | Tree of Eternity |
| 7:59 | Druid of the Talon Adept Training |
| 8:06 | Moon Armor |
| 8:48 | Archer |
| 8:49 | Archer |
| 9:13 | Improved Strength of the Moon |
| 9:17 | Druid of the Talon |
| 9:18 | Druid of the Talon |
| 9:29 | Blink |
| 10:22 | Tree of Life |
| 10:34 | Moon Well |
| 10:37 | Moon Well |
| 11:18 | Scroll of Healing |
| 11:54 | Wisp |
| 11:54 | Wisp |
| 11:54 | Wisp |
| 11:54 | Wisp |
| 11:54 | Wisp |
| 11:55 | Wisp |
| 12:04 | Fan of Knives |
| 12:36 | Ancient of Wind |
| 12:45 | Nature's Blessing |
| 13:02 | Druid of the Talon |
| 13:03 | Druid of the Talon |
| 13:03 | Druid of the Talon |
| 13:03 | Druid of the Talon |
| 13:03 | Druid of the Talon |
| 13:27 | Wisp |
| 13:27 | Wisp |
| 13:28 | Wisp |
| 13:28 | Wisp |
| 13:28 | Wisp |
| 13:32 | Marksmanship |
| 13:51 | Archer |
| 13:51 | Archer |
| 13:51 | Archer |
| 13:51 | Archer |
| 14:18 | Vorpal Blades |
| 14:22 | Druid of the Talon Master Training |
| 14:23 | Druid of the Talon |
| 14:23 | Druid of the Talon |
| 15:27 | Archer |
| 15:27 | Archer |
| 15:27 | Archer |
| 15:28 | Archer |
| 15:28 | Archer |
| 15:28 | Archer |
| 16:04 | Advanced Strength of the Moon |
| 16:05 | Well Spring |
| 16:55 | Moon Well |
| 16:59 | Hunter's Hall |
| 17:01 | Moon Well |
| 17:03 | Moon Well |
| 17:13 | Orb of Venom |
| 17:50 | Moon Glaive |
| 17:56 | Improved Moon Armor |
| 18:39 | Hippogryph |
| 18:39 | Hippogryph |
| 18:39 | Hippogryph |
| 18:40 | Hippogryph |
| 18:40 | Hippogryph |
| 19:02 | Archer |
| 19:03 | Archer |
| 19:03 | Archer |
| 19:22 | Advanced Moon Armor |
| 19:26 | Hippogryph |
| 19:54 | Archer |
| 19:54 | Archer |
| 19:55 | Archer |
| 20:19 | Archer |
| 20:19 | Archer |
| 20:55 | Archer |
| 20:55 | Archer |
| 20:55 | Archer |
| 20:56 | Archer |
| 21:22 | Druid of the Talon |
| 21:22 | Druid of the Talon |
| 21:49 | Archer |
| 21:50 | Archer |
| 21:50 | Archer |
| 22:06 | Spirit of Vengeance |
| 22:43 | Archer |
| 22:47 | Hippogryph |
| 22:47 | Hippogryph |
| 22:58 | Strength of the Wild |
| 23:30 | Archer |
| 23:30 | Archer |
| 23:31 | Hippogryph |
| 24:20 | Archer |
| 24:20 | Archer |
| 24:21 | Hippogryph |
| 24:55 | Archer |
| 25:30 | Ancient of Lore |
| 25:32 | Ancient of Lore |
| 25:36 | Improved Strength of the Wild |
| 26:13 | Hippogryph |
| 26:13 | Hippogryph |
| 26:37 | Archer |
| 26:37 | Archer |
| 27:15 | Archer |
| 27:16 | Archer |
| 27:59 | Archer |
| 28:00 | Archer |
| 28:00 | Archer |
| 28:01 | Hippogryph |
| 28:01 | Hippogryph |
| 28:37 | Hippogryph |
| Right click | 1941 |
| Select | 389 |
| Select group | 170 |
| Build/train/purchase | 155 |
| Use ability | 64 |
| Assign group | 43 |
| Remove unit | 5 |
| Item give/drop | 3 |


| Healing Salve | 3 | 300 |
| Scroll of Speed | 1 | 50 |
| Lesser Clarity Potion | 2 | 140 |
| Orb of Lightning | 1 | 375 |
| Scroll of Healing | 1 | 250 |
| Scroll of Town Portal | 2 | 700 |
| Potion of Lesser Invulnerability | 1 | 150 |
| total: | 11 | 1965g |
| Peon | 20 | 1500 | / | 0 |
| Troll Headhunter | 7 | 980 | / | 140 |
| Raider | 3 | 540 | / | 120 |
| Shaman | 10 | 1300 | / | 200 |
| Troll Witch Doctor | 1 | 145 | / | 25 |
| Kodo Beast | 3 | 765 | / | 180 |
| Demolisher | 3 | 660 | / | 150 |
| Troll Batrider | 8 | 1280 | / | 320 |
| Troll Berserker | 7 | 980 | / | 140 |
| Wind Rider | 4 | 1060 | / | 160 |
| total: | 66 | 9210g | / | 1435w |
| Watch Tower | 2 | 220 | / | 160 |
| Altar of Storms | 1 | 180 | / | 50 |
| Orc Burrow | 7 | 1120 | / | 280 |
| War Mill | 1 | 205 | / | 0 |
| Barracks | 2 | 360 | / | 100 |
| Voodoo Lounge | 1 | 130 | / | 30 |
| Great Hall | 1 | 385 | / | 185 |
| Beastiary | 2 | 290 | / | 280 |
| Spirit Lodge | 1 | 150 | / | 150 |
| Tauren Totem | 1 | 135 | / | 155 |
| Stronghold | 1 | 315 | / | 190 |
| Fortress | 1 | 325 | / | 190 |
| total: | 19 | 3175g | / | 1390w |
| 0:03 | Peon |
| 0:03 | Peon |
| 0:08 | Altar of Storms |
| 0:11 | Peon |
| 0:23 | Orc Burrow |
| 0:30 | Peon |
| 0:36 | Peon |
| 0:51 | Peon |
| 1:12 | War Mill |
| 1:26 | Peon |
| 1:36 | Peon |
| 2:06 | Stronghold |
| 2:17 | Orc Burrow |
| 2:28 | Barracks |
| 2:38 | Feral Spirit |
| 2:53 | Orc Burrow |
| 2:57 | Voodoo Lounge |
| 3:31 | Troll Headhunter |
| 3:34 | Troll Headhunter |
| 3:50 | Watch Tower |
| 3:53 | Watch Tower |
| 4:03 | Healing Salve |
| 4:04 | Scroll of Speed |
| 4:04 | Healing Salve |
| 4:06 | Lesser Clarity Potion |
| 4:15 | Troll Headhunter |
| 4:27 | Orc Burrow |
| 5:03 | Chain Lighting |
| 5:32 | Troll Headhunter |
| 5:37 | Beastiary |
| 5:44 | Spirit Lodge |
| 6:20 | Troll Headhunter |
| 6:33 | Troll Headhunter |
| 7:13 | Chain Lighting |
| 7:34 | Raider |
| 7:35 | Ensnare |
| 7:36 | Shaman |
| 7:36 | Shaman Adept Training |
| 7:39 | Fortress |
| 7:54 | Healing Salve |
| 7:55 | Lesser Clarity Potion |
| 8:03 | Reinforced Defenses |
| 8:04 | Steel Ranged Weapons |
| 8:46 | Raider |
| 8:47 | Troll Witch Doctor |
| 8:52 | Troll Headhunter |
| 9:45 | Potion of Lesser Invulnerability |
| 9:47 | Scroll of Healing |
| 10:10 | Berserker Upgrade |
| 10:12 | Shaman Master Training |
| 10:13 | Raider |
| 10:23 | Beastiary |
| 11:13 | Feral Spirit |
| 11:48 | Kodo Beast |
| 11:49 | War Drums Damage Increase |
| 11:50 | Shaman |
| 11:59 | Orc Burrow |
| 12:01 | Orc Burrow |
| 12:03 | Orc Burrow |
| 12:22 | Great Hall |
| 13:42 | Liquid Fire |
| 13:44 | Envenomed Spears |
| 13:46 | Pillage |
| 13:48 | Thorium Ranged Weapons |
| 14:51 | Demolisher |
| 14:51 | Burning Oil |
| 14:54 | Barracks |
| 16:56 | Troll Batrider |
| 16:56 | Troll Batrider |
| 17:05 | Chain Lighting |
| 17:45 | Troll Batrider |
| 17:50 | Scroll of Town Portal |
| 17:51 | Orb of Lightning |
| 18:24 | Troll Batrider |
| 18:27 | Troll Berserker |
| 18:42 | Demolisher |
| 19:31 | Troll Berserker |
| 19:34 | Troll Batrider |
| 19:34 | Troll Batrider |
| 19:51 | Peon |
| 19:51 | Peon |
| 19:51 | Peon |
| 20:53 | Endurance Aura |
| 21:58 | Kodo Beast |
| 22:00 | Shaman |
| 22:00 | Shaman |
| 22:04 | Demolisher |
| 22:38 | Earth Quake |
| 23:49 | Scroll of Town Portal |
| 23:57 | Troll Berserker |
| 23:59 | Troll Batrider |
| 23:59 | Troll Batrider |
| 24:01 | Shaman |
| 24:01 | Shaman |
| 25:30 | Troll Berserker |
| 25:32 | Kodo Beast |
| 26:26 | Troll Berserker |
| 26:26 | Troll Berserker |
| 26:33 | Shaman |
| 26:33 | Shaman |
| 26:33 | Shaman |
| 27:22 | Tauren Totem |
| 27:28 | Arcanite Ranged Weapons |
| 27:29 | Steel Armor |
| 27:42 | Peon |
| 27:42 | Peon |
| 27:42 | Peon |
| 27:43 | Peon |
| 27:43 | Peon |
| 28:35 | Troll Berserker |
| 28:39 | Wind Rider |
| 29:53 | Spiked Barricades |
| 29:56 | Troll Regeneration |
| 29:59 | Wind Rider |
| 30:01 | Wind Rider |
| 31:21 | Shockwave |
| 31:43 | Wind Rider |
| 31:48 | Feral Spirit |
| 31:52 | Shaman |
| 32:24 | Shockwave |
| 32:25 | Endurance Aura |
| 33:49 | Peon |
| 33:50 | Peon |
| 33:50 | Peon |
| 33:50 | Peon |
| Right click | 2151 |
| Select group | 734 |
| Select | 626 |
| Assign group | 302 |
| Misc. action | 151 |
| Build/train/purchase | 137 |
| Use ability | 61 |
| Remove unit | 2 |
| Item give/drop | 1 |


| Orb of Venom | 1 | 325 |
| Scroll of Healing | 1 | 250 |
| Boots of Speed | 2 | 500 |
| Periapt of Vitality | 1 | 325 |
| Scroll of Protection | 1 | 150 |
| total: | 6 | 1550g |
| Wisp | 39 | 2340 | / | 0 |
| Archer | 2 | 260 | / | 20 |
| Huntress | 8 | 1560 | / | 160 |
| Druid of the Claw | 7 | 1785 | / | 560 |
| Glaive Thrower | 6 | 1260 | / | 390 |
| Mountain Giant | 11 | 3850 | / | 1100 |
| Dryad | 2 | 290 | / | 120 |
| total: | 75 | 11345g | / | 2350w |
| Ancient Protector | 2 | 270 | / | 160 |
| Moon Well | 8 | 1440 | / | 320 |
| Altar of Elders | 1 | 180 | / | 50 |
| Ancient of War | 3 | 450 | / | 180 |
| Hunter's Hall | 1 | 210 | / | 100 |
| Ancient of Wonders | 1 | 90 | / | 30 |
| Tree of Life | 2 | 680 | / | 370 |
| Ancient of Lore | 2 | 310 | / | 290 |
| Tree of Ages | 1 | 320 | / | 180 |
| Tree of Eternity | 1 | 330 | / | 200 |
| total: | 20 | 3630g | / | 1500w |
| 0:02 | Wisp |
| 0:12 | Moon Well |
| 0:17 | Wisp |
| 0:21 | Altar of Elders |
| 0:24 | Wisp |
| 0:32 | Wisp |
| 0:46 | Ancient of War |
| 1:00 | Wisp |
| 1:13 | Ancient of War |
| 1:16 | Wisp |
| 1:31 | Moon Well |
| 1:37 | Wisp |
| 1:48 | Wisp |
| 1:58 | Wisp |
| 2:06 | Hunter's Hall |
| 2:14 | Archer |
| 2:24 | Moon Well |
| 2:26 | Wisp |
| 2:39 | Mana Burn |
| 2:43 | Archer |
| 3:08 | Huntress |
| 3:21 | Ancient of War |
| 4:06 | Huntress |
| 4:09 | Strength of the Moon |
| 4:12 | Tree of Ages |
| 4:27 | Huntress |
| 4:51 | Huntress |
| 4:55 | Sentinel |
| 4:57 | Evasion |
| 5:12 | Ultravision |
| 5:20 | Ancient of Wonders |
| 5:35 | Moon Armor |
| 5:44 | Huntress |
| 6:19 | Huntress |
| 6:19 | Huntress |
| 6:49 | Mana Burn |
| 6:59 | Tree of Life |
| 7:04 | Ancient of Lore |
| 7:05 | Wisp |
| 7:22 | Moon Well |
| 7:26 | Wisp |
| 7:26 | Wisp |
| 7:42 | Wisp |
| 7:42 | Wisp |
| 7:47 | Moon Glaive |
| 7:59 | Ancient Protector |
| 8:12 | Improved Strength of the Moon |
| 8:13 | Wisp |
| 8:13 | Wisp |
| 8:39 | Druid of the Claw Adept Training |
| 8:49 | Ancient Protector |
| 8:56 | Strength of the Wild |
| 8:58 | Wisp |
| 8:58 | Wisp |
| 9:03 | Wisp |
| 9:41 | Boots of Speed |
| 9:54 | Wisp |
| 9:54 | Wisp |
| 9:55 | Wisp |
| 9:56 | Wisp |
| 9:59 | Ancient of Lore |
| 10:15 | Tree of Eternity |
| 10:30 | Reinforced Hides |
| 10:33 | Huntress |
| 10:42 | Nature's Blessing |
| 11:25 | Improved Moon Armor |
| 11:45 | Summon Lava Spawn |
| 11:53 | Druid of the Claw |
| 11:53 | Druid of the Claw |
| 11:57 | Moon Well |
| 12:01 | Moon Well |
| 12:18 | Druid of the Claw |
| 12:39 | Evasion |
| 12:59 | Druid of the Claw Master Training |
| 13:01 | Druid of the Claw |
| 13:03 | Wisp |
| 13:03 | Wisp |
| 13:03 | Wisp |
| 13:03 | Wisp |
| 13:03 | Wisp |
| 13:26 | Vorpal Blades |
| 13:35 | Mark of the Claw |
| 13:51 | Druid of the Claw |
| 14:06 | Hardened Skin |
| 14:20 | Resistant Skin |
| 14:28 | Moon Well |
| 14:49 | Improved Reinforced Hides |
| 15:13 | Glaive Thrower |
| 15:14 | Glaive Thrower |
| 15:15 | Glaive Thrower |
| 15:50 | Glaive Thrower |
| 15:52 | Mountain Giant |
| 15:54 | Wisp |
| 15:54 | Wisp |
| 16:26 | Mountain Giant |
| 16:32 | Moon Well |
| 17:01 | Mountain Giant |
| 18:29 | Incinerate |
| 18:36 | Mountain Giant |
| 19:22 | Advanced Reinforced Hides |
| 19:27 | Druid of the Claw |
| 19:37 | Summon Lava Spawn |
| 20:41 | Improved Strength of the Wild |
| 20:59 | Mountain Giant |
| 21:53 | Glaive Thrower |
| 22:39 | Wisp |
| 22:48 | Advanced Strength of the Wild |
| 23:12 | Tree of Life |
| 24:31 | Mountain Giant |
| 25:18 | Wisp |
| 25:18 | Wisp |
| 25:18 | Wisp |
| 25:19 | Wisp |
| 25:21 | Glaive Thrower |
| 25:28 | Mountain Giant |
| 25:57 | Advanced Strength of the Moon |
| 26:40 | Evasion |
| 27:30 | Well Spring |
| 27:32 | Wisp |
| 27:32 | Wisp |
| 27:44 | Wisp |
| 27:51 | Abolish Magic |
| 27:52 | Dryad |
| 27:54 | Dryad |
| 28:10 | Incinerate |
| 29:10 | Advanced Moon Armor |
| 29:28 | Periapt of Vitality |
| 29:35 | Boots of Speed |
| 29:37 | Scroll of Healing |
| 29:38 | Scroll of Protection |
| 32:05 | Druid of the Claw |
| 33:19 | Mountain Giant |
| 33:19 | Mountain Giant |
| 33:19 | Mountain Giant |
| 34:30 | Mountain Giant |
| 34:54 | Marksmanship |
| 34:54 | Improved Bows |
| 35:05 | Orb of Venom |
| Right click | 1015 |
| Select | 489 |
| Select group | 415 |
| Build/train/purchase | 175 |
| Misc. action | 145 |
| Assign group | 47 |
| Use ability | 39 |
| Minimap ping | 10 |
| Esc | 1 |

| Wisp | 15 | 900 | / | 0 |
| Archer | 8 | 1040 | / | 80 |
| Chimaera | 42 | 13860 | / | 2940 |
| total: | 65 | 15800g | / | 3020w |
| Ancient Protector | 2 | 270 | / | 160 |
| Ancient of War | 1 | 150 | / | 60 |
| Moon Well | 6 | 1080 | / | 240 |
| Altar of Elders | 1 | 180 | / | 50 |
| Hunter's Hall | 1 | 210 | / | 100 |
| Tree of Life | 1 | 340 | / | 185 |
| Chimaera Roost | 4 | 560 | / | 760 |
| Tree of Ages | 1 | 320 | / | 180 |
| Tree of Eternity | 1 | 330 | / | 200 |
| total: | 16 | 2790g | / | 1555w |
| 0:03 | Wisp |
| 0:08 | Ancient of War |
| 0:12 | Moon Well |
| 0:14 | Wisp |
| 0:32 | Altar of Elders |
| 0:34 | Wisp |
| 0:43 | Wisp |
| 0:52 | Wisp |
| 1:08 | Wisp |
| 1:14 | Archer |
| 1:26 | Archer |
| 1:56 | Moon Well |
| 2:46 | Force of Nature |
| 3:00 | Archer |
| 3:00 | Archer |
| 3:07 | Archer |
| 4:05 | Tree of Ages |
| 4:10 | Hunter's Hall |
| 4:50 | Thorns Aura |
| 5:06 | Archer |
| 5:07 | Archer |
| 5:07 | Archer |
| 5:13 | Strength of the Wild |
| 6:29 | Tree of Eternity |
| 6:30 | Improved Strength of the Wild |
| 6:49 | Force of Nature |
| 7:03 | Tree of Life |
| 8:52 | Chimaera Roost |
| 9:27 | Chimaera Roost |
| 9:31 | Chimaera Roost |
| 10:23 | Wisp |
| 10:24 | Wisp |
| 10:24 | Wisp |
| 10:29 | Wisp |
| 10:29 | Wisp |
| 10:44 | Chimaera Roost |
| 11:25 | Moon Well |
| 11:51 | Wisp |
| 11:51 | Wisp |
| 11:57 | Wisp |
| 12:05 | Wisp |
| 12:14 | Corrosive Breath |
| 12:25 | Moon Well |
| 13:30 | Moon Well |
| 13:32 | Chimaera |
| 13:34 | Chimaera |
| 13:35 | Chimaera |
| 13:39 | Strength of the Moon |
| 13:41 | Advanced Strength of the Wild |
| 15:31 | Entangling Roots |
| 15:40 | Chimaera |
| 15:41 | Chimaera |
| 15:42 | Chimaera |
| 15:43 | Chimaera |
| 17:14 | Chimaera |
| 17:16 | Chimaera |
| 17:32 | Reinforced Hides |
| 18:01 | Chimaera |
| 18:02 | Chimaera |
| 18:04 | Chimaera |
| 18:04 | Chimaera |
| 18:05 | Chimaera |
| 18:08 | Chimaera |
| 19:35 | Chimaera |
| 19:36 | Chimaera |
| 19:49 | Improved Reinforced Hides |
| 21:44 | Chimaera |
| 21:45 | Chimaera |
| 21:51 | Advanced Reinforced Hides |
| 23:05 | Ancient Protector |
| 24:37 | Chimaera |
| 24:38 | Chimaera |
| 25:26 | Chimaera |
| 25:28 | Chimaera |
| 25:29 | Chimaera |
| 25:31 | Chimaera |
| 25:50 | Moon Well |
| 26:51 | Chimaera |
| 26:53 | Chimaera |
| 26:55 | Chimaera |
| 26:56 | Chimaera |
| 27:12 | Ancient Protector |
| 27:24 | Chimaera |
| 27:26 | Chimaera |
| 27:26 | Chimaera |
| 27:35 | Chimaera |
| 27:36 | Chimaera |
| 33:03 | Chimaera |
| 33:05 | Chimaera |
| 33:06 | Chimaera |
| 33:28 | Chimaera |
| 33:29 | Chimaera |
| 33:31 | Chimaera |
| 35:00 | Chimaera |
| 35:01 | Chimaera |
| Right click | 1201 |
| Select | 406 |
| Build/train/purchase | 82 |
| Use ability | 27 |
| Resource trade | 5 |
| Minimap ping | 4 |
| Remove unit | 3 |